 Seeded DCSS version 0.30-a0-279-g4b46babb21 (webtiles) character file.

Game seed: 14720310581446802608 (custom seed)

337301 purpskrrrp the Wrestler (level 21, -3/209 HPs)
             Began as a Troll Fighter on Oct 16, 2022.
             Was a High Priest of Okawaru.
             Slain by a ghostly deep elf blademaster
             ... wielding a +0 rapier
              (4 damage)
             ... on level 3 of the Elven Halls.
             The game lasted 02:13:01 (35938 turns).

purpskrrrp the Wrestler (Troll Fighter)            Turns: 35938, Time: 02:13:02

Health: -3/209     AC: 18    Str: 48    XL:     21   Next: 0%
Magic:  37/37      EV: 16    Int:  5    God:    Okawaru [*****.]
Gold:   1873       SH: 20    Dex: 17    Spells: 25/31 levels left

rFire   . . .      SeeInvis +      - Unarmed
rCold   x x .      Faith    .    j - +1 kite shield of Jimamer {rN+++ Will- Regen+ SInv}
rNeg    + + +      Spirit   .    K - +6 acid dragon scales "Vazubb" {rN+ rCorr Dex+4}
rPois   .          Reflect  +    b - +1 hat
rElec   +          Harm     .    z - +0 cloak
rCorr   +          Rampage  .    (gloves unavailable)
Will    .....      Rage     3%   (boots unavailable)
Stlth   +......... Rnd*Tele +    Z - amulet "Jorezytz" {Reflect rElec MP+9 Dex+3 SH+5}
HPRegen 2.14/turn                v - +6 ring of strength
MPRegen 0.25/turn                k - +6 ring of strength

@: on berserk cooldown, studying 2 skills, unable to drink
A: large, unfitting armour, claws 3, regeneration 1, shaggy fur 1, tough skin 1,
agile 1, berserk 1, clever 1, [clumsy 1], [dopey 1], [teleportitis 1], [cold
vulnerability 2], [subdued magic 1], [inability to drink after injury 2]
}: 2/15 runes: serpentine, barnacled
a: Renounce Religion, Heroism, Finesse, Duel


You were on level 3 of the Elven Halls.
You worshipped Okawaru.
Okawaru was extremely pleased with you.
You visited 7 branches of the dungeon, and saw 34 of its levels.
You visited the Abyss 1 time.
You also visited: Gauntlet and Ice Cave.

You collected 3183 gold pieces.
You spent 1310 gold pieces at shops.

Inventory:

Hand Weapons
 R - a +3 spectral giant club
Missiles
 g - 2 throwing nets
 A - 39 large rocks
 M - 18 silver javelins
Armour
 b - a +1 hat (worn)
 j - the +1 kite shield of Jimamer (worn) {rN+++ Will- Regen+ SInv}
   (Okawaru gifted it to you on level 13 of the Dungeon)

   rN:        It renders you almost immune to negative energy.
   SInv:      It lets you see invisible.
   Regen:     It increases your rate of health regeneration.
   Will:      It decreases your willpower.
 z - a +0 cloak (worn)
 B - +0 pearl dragon scales
 K - the +6 acid dragon scales "Vazubb" (worn) {rN+ rCorr Dex+4}
   (Okawaru gifted it to you on level 10 of the Dungeon)

   Dex:       It affects your dexterity (+4).
   rN:        It protects you from negative energy.
   rCorr:     It protects you from acid and corrosion.
 N - a +2 tower shield of fire resistance
Jewellery
 k - a +6 ring of strength (right claw)
 m - a ring of protection from fire
 o - a ring of willpower
 q - a ring of protection from cold
 u - the ring "Ytzaguuc" {rC+ Will+ Int+3}
   (You found it in a Gauntlet)

   [ring of willpower]

   Int:       It affects your intelligence (+3).
   rC:        It protects you from cold.
   Will:      It increases your willpower.
 v - a +6 ring of strength (left claw)
 L - a ring of see invisible
 P - a ring of flight
 X - a +4 ring of protection
 Z - the amulet "Jorezytz" (around neck) {Reflect rElec MP+9 Dex+3 SH+5}
   (You bought it in a shop on level 3 of the Shoals)

   [amulet of reflection]

   It reflects blocked missile attacks.
   Dex:       It affects your dexterity (+3).
   rElec:     It insulates you from electricity.
   MP:        It affects your magic capacity (+9).
   SH:        It affects your SH (+5).
Wands
 f - a wand of flame (75)
 n - a wand of light (18)
 w - a wand of polymorph (8)
 G - a wand of iceblast (39)
 I - a wand of mindburst (15)
 O - a wand of paralysis (15)
 S - a wand of digging (12)
Scrolls
 c - 2 scrolls of amnesia
 i - 11 scrolls of teleportation
 s - a scroll of fog
 x - 2 scrolls of magic mapping
 y - 3 scrolls of silence
 D - a scroll of enchant weapon
Potions
 d - 21 potions of curing
 h - 2 potions of haste
 r - a potion of ambrosia
 t - 2 potions of berserk rage
 C - 2 potions of heal wounds
 E - 5 potions of invisibility
 H - 5 potions of mutation
 U - 3 potions of cancellation
 Y - a potion of resistance


   Skills:
 + Level 12.9 Fighting
 - Level 7.8 Armour
 + Level 12.6 Dodging
 + Level 16.9 Shields
 * Level 24.9 Unarmed Combat
 + Level 5.7 Spellcasting
 + Level 6.9 Transmutations
 + Level 8.4 Earth Magic


You had 25 spell levels left.
You knew the following spells:

 Your Spells              Type           Power      Damage    Failure   Level
a - Statue Form           Tmut/Erth      4%         N/A       96%         6

Your spell library contained the following spells:

 Spells                   Type           Power      Damage    Failure   Level
 Beastly Appendage        Tmut           12%        N/A       1%          1
 Passwall                 Tmut/Erth      5%         N/A       2%          2
 Petrify                  Tmut/Erth      7%         N/A       17%         4
 Lee's Rapid Deconstruct  Erth           3%         3d6*      34%         5
 Foxfire                  Conj/Fire      4%         2x1d4     38%         1
 Magic Dart               Conj           4%         1d3       38%         1
 Necrotise                Necr           4%         1d4       38%         1
 Shock                    Conj/Air       4%         1d3       38%         1
 Slow                     Hex            4%         N/A       38%         1
 Ignite Poison            Fire/Tmut/Pois 2%         N/A       43%         3
 Blink                    Tloc           2%         N/A       52%         2
 Cigotuvi's Dreadful Rot  Necr/Pois/Air  2%         N/A       52%         2
 Ensorcelled Hibernation  Hex/Ice        2%         N/A       52%         2
 Ice Form                 Ice/Tmut       3%         N/A       71%         4
 Confusing Touch          Hex            1%         N/A       77%         3
 Dazzling Flash           Conj/Hex       2%         N/A       77%         3
 Kindle Blastsparks       Fire/Tloc/Air  2%         2d10      77%         3
 Mephitic Cloud           Conj/Pois/Air  1%         N/A       77%         3
 Swiftness                Air            1%         N/A       77%         3
 Vampiric Draining        Necr           1%         2d6       77%         3
 Vhi's Electric Charge    Tloc/Air       2%         N/A       77%         3
 Airstrike                Air            0%         2d(1-17)  99%         4
 Anguish                  Hex/Necr       0%         N/A       99%         4
 Dispel Undead            Necr           1%         3d6       99%         4
 Fulminant Prism          Conj/Hex       0%         3d6       99%         4
 Iskenderun's Mystic Bla  Conj/Tloc      1%         2d3       99%         4
 Manifold Assault         Tloc           1%         N/A       99%         4
 Agony                    Necr           1%         N/A       100%        5
 Arcjolt                  Conj/Air       0%         1d10      100%        5
 Fireball                 Conj/Fire      0%         3d3       100%        5
 Freezing Cloud           Conj/Ice/Air   0%         6-21      100%        5
 Lightning Bolt           Conj/Air       0%         1d11      100%        5
 Silence                  Hex/Air        0%         N/A       100%        5
 Conjure Ball Lightning   Conj/Air       0%         3x3d6     100%        6
 Starburst                Conj/Fire      0%         6d3       100%        6
 Enfeeble                 Hex            0%         N/A       100%        7
 Storm Form               Tmut/Air       1%         N/A       100%        7
 Discord                  Hex            0%         N/A       100%        8
 Disjunction              Tloc           0%         N/A       100%        8
 Maxwell's Capacitive Co  Air            0%         ∞         100%        8
 Polar Vortex             Ice            0%         N/A       100%        9
 Call Imp                 Summ           Unusable   N/A       N/A         2
 Summon Lightning Spire   Summ/Air       Unusable   N/A       N/A         4
 Death Channel            Necr           Unusable   N/A       N/A         6
 Simulacrum               Ice/Necr       Unusable   N/A       N/A         6

Dungeon Overview and Level Annotations

Branches:
Dungeon (15/15)            Temple (1/1) D:6            Lair (5/5) D:10
 Shoals (4/4) Lair:3        Snake (4/4) Lair:2        Slime (0/5) Lair:5
    Orc (2/2) D:10            Elf (3/3) Orc:2        Vaults (0/5) D:14
 Depths (0/4) D:15          IceCv (visited)         Gauntlet (visited)

Altars:
Ashenzari
Cheibriados
Dithmenos
Elyvilon
Fedhas
Gozag
Hepliaklqana
Kikubaaqudgha
Makhleb
Nemelex Xobeh
Okawaru
Qazlal
Ru
Sif Muna
Trog
Uskayaw
Vehumet
Wu Jian
Xom
Yredelemnul
Zin
The Shining One

Shops:
D:6 (   Orc:1 :   Orc:2 =(?*   Elf:1 !=(   Elf:2 *   Shoals:1 *   Shoals:3 [**(
Snake:4 ((

Portals:
Abyss: Snake:3
Bazaar: Elf:1

Annotations:
Lair:3 2 transporters
Elf:2 3 runed translucent doors, exclusion: obsidian statue, brknglss's ghost, adept GnFE


Innate Abilities, Weirdness & Mutations

You are too large for most types of armour.
You have claws for hands.
Your natural rate of healing is unusually fast.
You are covered in fur. (AC +1)
You have tough skin. (AC +1)
You are agile. (Dex +4, Str/Int -1)
You sometimes lose your temper in combat.
Your mind is acute. (Int +4, Str/Dex -1)
[You are clumsy. (Dex -2)]
[You are dopey. (Int -2)]
[You are occasionally teleported next to monsters.]
[You are very vulnerable to cold. (rC--)]
[Your spells are a little easier to cast, but a little less powerful.]
[You sometimes lose the ability to drink potions when taking damage.]


Message History

The ghostly deep elf blademaster hits you with a +0 rapier.
* * * LOW HITPOINT WARNING * * *
The ghostly deep elf blademaster attacks as you move away!
The ghostly deep elf blademaster hits you but does no damage.
You block the ghostly deep elf blademaster's attack.
You block the deep elf annihilator's attack.
You hear rumbling.
The ghostly deep elf blademaster closely misses you.
The ghostly deep elf blademaster barely misses you.
You hear a shout!
The deep elf annihilator casts a spell.
The deep elf annihilator blinks!
The deep elf annihilator casts a spell.
The deep elf annihilator blinks!
You block the ghostly deep elf blademaster's attack. x2
You cannot drink potions in your current state!
You scratch the ghostly deep elf blademaster.
The ghostly deep elf blademaster is lightly damaged.
You feel yourself speed up.
The ghostly deep elf blademaster hits you with a +0 rapier.
* * * LOW HITPOINT WARNING * * *
The ghostly deep elf blademaster hits you with a +0 rapier!
* * * LOW HITPOINT WARNING * * *
The deep elf elementalist gestures at you while chanting.
Some walls begin to move on their own!
You eviscerate the earth elemental!!!
The earth elemental is almost destroyed.
You can drink potions again.
The deep elf elementalist is no longer moving quickly.
The deep elf elementalist casts a spell at you.
Some walls begin to move on their own!
You block the ghostly deep elf blademaster's attack. x2
The earth elemental hits you!
* * * LOW HITPOINT WARNING * * *
Some walls begin to move on their own!
The ghostly deep elf blademaster hits you with a +0 rapier!!
You feel threatened and lose the ability to drink potions!
* * * LOW HITPOINT WARNING * * *
The ghostly deep elf blademaster hits you with a +0 rapier.
You die...

##..E..#### ##...§§§§###
##..E§§EE.# ##..E§e..##
##§§eEeE.# #.##eE.E##
###.EE)..# #####
###E.e.### ##...###
##EE@E.###
.......###.####......###
.......'......'........#
.......########......###
.......## #[....##
)......'## #...'.##
##...###.## ####[#.#
##### ##.## #[.## ##.##
#)##


You could see a ghostly deep elf blademaster, 2 deep elf annihilators, 2 deep
elf elementalists and 14 earth elementals.

Vanquished Creatures
  Vashnia (Snake:3)
  Rupert (Orc:2)
  A deep elf blademaster (Elf:2)
  A deep elf master archer (Elf:3)
  2 tentacled starspawn (Abyss:3)
  A kraken (Shoals:2)
  Agnes (D:14)
  5 nagarajas
  Kirke (D:13)
  Roxanne (D:14)
  2 deep elf sorcerers (Elf:3)
  2 frost giants (IceCv)
  Aizul (Snake:4)
  A cacodemon (Snake:3)
  A curse skull (Elf:1)
  3 deep elf elementalists (Elf:3)
  The ghost of Kesmoz the Impaler, a journeyman MfBe of Trog (Lair:4)
  3 deep elf demonologists
  4 deep elf annihilators (Elf:3)
  A vampire knight (Elf:1)
  A dire elephant (Lair:5)
  A white draconian (IceCv)
  2 minotaurs
  The ghost of Zicwidai the Skirmisher, a journeyman DsFE of Qazlal (Snake:3)
  An ettin (Orc:1)
  4 deep elf death magi
  12 merfolk javelineers
  14 merfolk impalers
  3 spectral elves (Elf:1)
  2 jiangshi (Elf:1)
  Josephine (D:11)
  A deep elf high priest (Elf:3)
  2 salamander tyrants (Snake:4)
  An ogre mage (D:13)
  A rakshasa (Abyss:3)
  2 great orbs of eyes (Snake:3)
  2 catoblepae
  5 hydras
  8 vault guards (D:14)
  6 ice dragons (IceCv)
  12 anacondas
  5 centaur warriors
  3 merfolk avatars
  3 boulder beetles
  8 ironbound frosthearts (IceCv)
  24 dancing weapons
  A death knight (D:13)
  An alligator snapping turtle (Shoals:4)
  2 death scarabs (Gauntlet)
  3 tengu warriors
  2 merfolk aquamancers (Shoals:4)
  4 satyrs
  A deep troll shaman (Lair:5)
  9 two-headed ogres
  9 death yaks (Lair:5)
  A hell hog (Snake:3)
  12 naga warriors
  2 vampire magi (Elf:1)
  3 thrashing horrors
  14 naga sharpshooters
  5 orc high priests (Orc:2)
  16 shock serpents
  Sonja (Orc:1)
  A sun demon (Abyss:3)
  8 deep elf knights
  A wretched star (Abyss:3)
  A spectral death yak (Gauntlet)
  4 elf simulacra (Elf:1)
  5 salamander mystics
  2 shadow wraiths (Elf:1)
  A skeletal warrior (D:13)
  Lodul (D:13)
  12 sea snakes
  An orb spider (shapeshifter) (Elf:1)
  4 lindwurms (Snake:4)
  4 wizards
  6 naga ritualists
  A steelbarb worm (shapeshifter) (Gauntlet)
  2 spriggan simulacra (Snake:3)
  6 deep elf archers
  2 orange crystal statues
  2 swamp dragons (Abyss:3)
  Pikel (D:9)
  12 harpies
  A mana viper (shapeshifter) (D:13)
  A necromancer (D:15)
  3 orc knights
  16 deep elf zephyrmancers
  19 deep elf pyromancers
  An orc sorcerer (Orc:2)
  13 ugly things
  22 manticores
  9 mana vipers
  11 fauns
  A spectral boulder beetle (Gauntlet)
  4 large abominations
  13 salamanders
  A manticore (shapeshifter) (Gauntlet)
  9 merfolk sirens
  6 cyclopes
  43 black mambas
  A water nymph (shapeshifter) (Gauntlet)
  10 elephants
  An apocalypse crab (Snake:3)
  17 naga magi
  7 guardian serpents
  3 smoke demons (Abyss:3)
  An orange demon (Abyss:3)
  5 water nymphs
  13 cane toads
  A torpor snail (Lair:5)
  10 komodo dragons
  An unseen horror (D:13)
  An unseen horror (shapeshifter) (Elf:1)
  16 rime drakes
  Psyche (D:8)
  3 kobold demonologists (D:10)
  A freezing wraith (D:11)
  5 yaktaurs (D:15)
  4 tengu conjurers
  A hellwing (Abyss:3)
  An ancient zyme (Abyss:3)
  A harpy zombie (D:15)
  11 trolls
  5 polar bears
  3 meliai (D:15)
  A wolf spider simulacrum (D:15)
  41 merfolk
  7 blink frogs
  6 wind drakes
  5 slime creatures
  4 raiju (Abyss:3)
  6 snapping turtles
  2 wind drakes (shapeshifter)
  5 hornets
  7 dream sheep
  A spectral dream sheep (Gauntlet)
  An ettin zombie (Abyss:3)
  2 flying skulls (Elf:1)
  3 air elementals (Elf:1)
  A centaur simulacrum (D:15)
  22 starcursed masses
  7 wraiths
  2 shadows
  A wyvern (Lair:4)
  6 water elementals
  A hog (D:13)
  A vampire (Elf:1)
  3 dire elephant simulacra (Snake:3)
  50 yaks
  4 humans
  5 basilisks
  2 steam dragons (D:9)
  4 fire elementals
  4 small abominations (Abyss:3)
  8 vampire mosquitoes (D:13)
  5 wargs
  A harpy simulacrum (Snake:3)
  48 nagas
  15 water moccasins
  3 acid dragons
  2 hornet zombies
  4 black bears
  21 orc warriors
  A spectral torpor snail (Gauntlet)
  9 ice beasts
  An alligator simulacrum (Snake:3)
  5 boggarts (D:14)
  40 wolves
  15 ogres
  A centaur (D:7)
  A phantom (D:5)
  The ghost of hikkokomori the Sneak, an amateur TeBr (D:3)
  2 lemures (D:9)
  5 kobold brigands
  A scorpion (D:6)
  22 bullfrogs
  3 necrophages
  3 earth elementals
  A wyvern zombie (D:8)
  A deep troll simulacrum (Snake:3)
  25 wights
  5 killer bees
  2 howler monkeys
  2 electric eels
  A crimson imp (D:5)
  2 centaur zombies (D:8)
  A hound (D:6)
  3 iron imps
  5 jellies
  2 gnoll boudas
  31 orc priests
  3 iguanas
  31 orc wizards
  A boggart skeleton (D:15)
  2 killer bee zombies (D:8)
  A howler monkey zombie (D:8)
  13 gnolls
  3 adders
  2 shadow imps
  2 white imps
  2 ufetubi
  5 worms
  5 dart slugs
  81 orcs
  8 ball pythons
  5 bats
  An endoplasm (D:1)
  2 giant cockroaches
  7 goblins
  9 hobgoblins
  10 jackals
  5 quokkas
  3 frilled lizards
  8 kobolds
  A kobold skeleton (D:5)
  8 rats
  3 starspawn tentacles (Abyss:3)
  4 tentacles (Shoals:2)
1345 creatures vanquished.

Vanquished Creatures (others)
  A naga sharpshooter (Snake:3)
  A deep elf knight (Elf:2)
  An unseen horror (D:13)
  A small abomination (Abyss:3)
  2 kobolds (D:11)
  19 fungi
  59 plants
  2 starspawn tentacles (Abyss:3)
  3 withered plants (D:8)
89 creatures vanquished.

Grand Total: 1434 creatures vanquished

Notes
Turn   | Place    | Note
-------+----------+-------------------------------------------
     0 | D:1      | purpskrrrp the Troll Fighter began the quest for the Orb.
     0 | D:1      | Reached XP level 1. HP: 22/22 MP: 0/0
   156 | D:1      | Reached XP level 2. HP: 29/29 MP: 1/1
   285 | D:1      | Reached skill level 3 in Unarmed Combat
   428 | D:1      | Reached XP level 3. HP: 24/36 MP: 2/2
   620 | D:2      | Found a faded altar of an unknown god.
   736 | D:2      | Reached skill level 4 in Unarmed Combat
   814 | D:2      | Reached XP level 4. HP: 40/44 MP: 3/3
  1521 | D:3      | Reached skill level 5 in Unarmed Combat
  1654 | D:3      | Found an iron altar of Okawaru.
  1725 | D:3      | Became a worshipper of Warmaster Okawaru
  2009 | D:3      | Reached XP level 5. HP: 50/50 MP: 4/4
  2134 | D:3      | Found a runed translucent gate.
  2134 | D:3      | Found a runed translucent gate.
  2134 | D:3      | Found a runed translucent gate.
  2135 | D:3      | Noticed hikkokomori's ghost (amateur TeBr)
  2349 | D:4      | Noticed a black bear
  2422 | D:4      | Killed a black bear
  2422 | D:4      | Reached * piety under Okawaru
  2423 | D:4      | Reached skill level 6 in Unarmed Combat
  2423 | D:4      | Reached XP level 6. HP: 48/59 MP: 5/5
  2529 | D:4      | Identified the +11 dagger "Teud" {vorpal, *Noise Fly Str+3
                  | Dex+2}
  2540 | D:4      | Reached skill level 7 in Unarmed Combat
  2715 | D:4      | Found a snail-covered altar of Cheibriados.
  2954 | D:5      | Entered Level 5 of the Dungeon
  3071 | D:5      | Noticed an ice beast
  3103 | D:5      | Killed an ice beast
  3103 | D:5      | Reached ** piety under Okawaru
  3104 | D:5      | Reached XP level 7. HP: 37/66 MP: 6/6
  3184 | D:5      | Reached skill level 8 in Unarmed Combat
  3595 | D:5      | Reached skill level 9 in Unarmed Combat
  3715 | D:5      | Reached XP level 8. HP: 49/74 MP: 4/7
  3726 | D:5      | Reached *** piety under Okawaru
  3868 | D:5      | Reached skill level 10 in Unarmed Combat
  3883 | D:5      | Found a runed translucent door.
  3885 | D:5      | Found a basalt altar of Yredelemnul.
  3968 | D:5      | Found a radiant altar of Vehumet.
  3968 | D:5      | Found a burning altar of Makhleb.
  4127 | D:6      | Reached skill level 11 in Unarmed Combat
  4248 | D:6      | Found a staircase to the Ecumenical Temple.
  4280 | D:6      | Found Duid's Weapon Boutique.
  4657 | D:7      | Identified the +1 ring mail of the Minstrel {Will++ rCorr}
  4687 | D:7      | Found Zin's Purification Station.
  4690 | D:7      | Found a glowing silver altar of Zin.
  4693 | D:7      | Bought a potion of curing for 90 gold pieces
  4717 | D:7      | Reached XP level 9. HP: 41/80 MP: 6/8
  4767 | D:7      | Reached **** piety under Okawaru
  4825 | D:7      | Reached skill level 12 in Unarmed Combat
  5074 | D:8      | Received a gift from Okawaru
  5205 | D:8      | Noticed a two-headed ogre
  5211 | D:8      | Killed a two-headed ogre
  5215 | D:8      | Reached skill level 13 in Unarmed Combat
  5359 | D:8      | Reached skill level 1 in Armour
  5359 | D:8      | Reached ***** piety under Okawaru
  5434 | D:8      | Reached XP level 10. HP: 89/92 MP: 6/9
  5609 | D:8      | Noticed Psyche
  5614 | D:8      | Killed Psyche
  5615 | D:8      | Reached skill level 14 in Unarmed Combat
  5746 | D:8      | Found an ancient bone altar of Kikubaaqudgha.
  5937 | D:9      | Noticed a two-headed ogre
  5945 | D:9      | Killed a two-headed ogre
  5945 | D:9      | Received a gift from Okawaru
  5946 | D:9      | Reached skill level 5 in Shields
  6056 | D:9      | Noticed Pikel
  6067 | D:9      | Killed Pikel
  6068 | D:9      | Reached skill level 15 in Unarmed Combat
  6093 | D:9      | Reached skill level 5 in Fighting
  6124 | D:9      | You fall into a shaft and drop 1 floor!
  6124 | D:10     | Entered Level 10 of the Dungeon
  6206 | D:10     | Noticed a two-headed ogre
  6209 | D:10     | Reached XP level 11. HP: 90/104 MP: 8/10
  6215 | D:10     | Noticed a two-headed ogre
  6218 | D:10     | Killed a two-headed ogre
  6227 | D:10     | Killed a two-headed ogre
  6229 | D:10     | Reached skill level 16 in Unarmed Combat
  6260 | D:10     | Found a staircase to the Lair.
  6562 | D:10     | Found a staircase to the Orcish Mines.
  6572 | D:10     | Identified the +6 acid dragon scales "Vazubb" {rN+ rCorr
                  | Dex+4} (Okawaru gifted it to you on level 10 of the
                  | Dungeon)
  6572 | D:10     | Received a gift from Okawaru
  7083 | D:10     | Identified the +3 leather armour "Plog" {Str+2}
  7156 | D:9      | Noticed a two-headed ogre
  7160 | D:9      | Killed a two-headed ogre
  7177 | D:9      | Found a sparkling altar of Nemelex Xobeh.
  7668 | D:9      | Noticed a two-headed ogre
  7681 | D:9      | Killed a two-headed ogre
  7682 | D:9      | Reached skill level 17 in Unarmed Combat
  8031 | D:11     | Noticed Josephine
  8044 | D:11     | Killed Josephine
  8101 | D:11     | Noticed a two-headed ogre
  8106 | D:11     | Killed a two-headed ogre
  8107 | D:11     | Reached skill level 5 in Armour
  8182 | D:11     | Reached XP level 12. HP: 105/115 MP: 9/11
  8245 | D:11     | Identified the +1 animal skin "Gofi" {rElec Str+6 SInv
                  | Stlth-} (Okawaru gifted it to you on level 11 of the
                  | Dungeon)
  8245 | D:11     | Received a gift from Okawaru
  8583 | D:12     | Reached skill level 18 in Unarmed Combat
  8954 | D:12     | Noticed a centaur warrior
  8961 | D:12     | Killed a centaur warrior
  9466 | D:13     | Noticed an eight-headed hydra
  9473 | D:13     | Killed an 11-headed hydra
  9519 | D:13     | Noticed a two-headed ogre
  9520 | D:13     | Noticed a two-headed ogre
  9522 | D:13     | Noticed a centaur warrior
  9532 | D:13     | Noticed a centaur warrior
  9549 | D:13     | Noticed a catoblepas
  9551 | D:13     | Noticed a six-headed hydra
  9619 | D:13     | Reached skill level 19 in Unarmed Combat
  9625 | D:13     | Killed a centaur warrior
  9630 | D:13     | Killed a catoblepas
  9667 | D:13     | Noticed Lodul
  9672 | D:13     | Killed a two-headed ogre
  9796 | D:13     | Noticed a death knight
  9807 | D:13     | Killed a death knight
  9807 | D:13     | Received a gift from Okawaru
 10264 | D:3      | Killed hikkokomori's ghost
 10662 | Lair:1   | Entered Level 1 of the Lair of Beasts
 10708 | Lair:1   | Reached XP level 13. HP: 122/126 MP: 12/12
 11716 | Lair:2   | Identified the +0 robe of the Sun {rN++} (Okawaru gifted it
                  | to you on level 2 of the Lair of Beasts)
 11716 | Lair:2   | Received a gift from Okawaru
 12334 | Lair:2   | Found a staircase to the Snake Pit.
 12578 | Lair:3   | Reached skill level 20 in Unarmed Combat
 12721 | Lair:3   | Found a transporter.
 12930 | Lair:3   | Found a transporter.
 13232 | Lair:3   | Found a staircase to the Shoals.
 13482 | Lair:4   | You fall into a shaft and drop 1 floor!
 13482 | Lair:5   | Entered Level 5 of the Lair of Beasts
 13873 | Lair:4   | Noticed a minotaur
 13873 | Lair:4   | Noticed Kesmoz's ghost (journeyman MfBe)
 13933 | Lair:4   | Found a runed translucent gate.
 13933 | Lair:4   | Found a runed translucent gate.
 13934 | Lair:4   | Found a runed translucent gate.
 14281 | Lair:4   | Reached XP level 14. HP: 137/137 MP: 13/13
 14498 | Lair:4   | Killed Kesmoz's ghost
 14596 | Lair:5   | Received a gift from Okawaru
 14960 | Lair:5   | Reached skill level 10 in Shields
 15217 | Lair:5   | Found a hide-covered altar of Uskayaw.
 15233 | Lair:5   | Found an ornate altar of the Wu Jian Council.
 15363 | Lair:5   | Reached skill level 5 in Dodging
 15458 | Lair:5   | Reached skill level 21 in Unarmed Combat
 15497 | Lair:5   | Identified the +8 war axe "Jelly's Peril" {freeze, rC+}
 15637 | Lair:5   | Found a staircase to the Slime Pits.
 15882 | Orc:1    | Entered Level 1 of the Orcish Mines
 15916 | Orc:1    | Found Gowouz's Book Shoppe.
 16278 | Orc:2    | Entered Level 2 of the Orcish Mines
 16747 | Orc:2    | Received a gift from Okawaru
 16767 | Orc:2    | Found Denen's Magic Scroll Boutique.
 16767 | Orc:2    | Found Ojyggin's Jewellery Shop.
 16767 | Orc:2    | Found Iwumemov's Weapon Shop.
 16774 | Orc:2    | Found Uwuzet's Assorted Antiques.
 16936 | Orc:2    | Noticed Rupert
 16948 | Orc:2    | Killed Rupert
 17090 | Orc:2    | Bought a scroll of identify for 24 gold pieces
 17090 | Orc:2    | Bought a scroll of fear for 48 gold pieces
 17090 | Orc:2    | Bought a scroll of fear for 48 gold pieces
 17093 | Orc:2    | Bought a scroll labelled HATHEI SAGOE for 19 gold pieces
 17093 | Orc:2    | Bought a scroll of identify for 38 gold pieces
 17167 | Orc:2    | Found a staircase to the Elven Halls.
 17441 | Orc:2    | Paralysed by an orc sorcerer for 3 turns
 17482 | Orc:1    | Noticed Sonja
 17488 | Orc:1    | Killed Sonja
 17489 | Orc:1    | Reached XP level 15. HP: 149/149 MP: 11/14
 17817 | D:13     | Killed Lodul
 17958 | D:13     | Noticed Kirke
 17964 | D:13     | Killed Kirke
 18062 | D:13     | Found a sparkling altar of Nemelex Xobeh.
 18405 | D:13     | Reached skill level 10 in Fighting
 18567 | D:13     | Identified the +1 kite shield of Jimamer {rN+++ Will-
                  | Regen+ SInv} (Okawaru gifted it to you on level 13 of the
                  | Dungeon)
 18567 | D:13     | Received a gift from Okawaru
 18699 | D:13     | Gained mutation: You are agile. (Dex +4, Str/Int -1)
                  | [potion of mutation]
 18699 | D:13     | Gained mutation: Your mind is acute. (Int +4, Str/Dex -1)
                  | [potion of mutation]
 18699 | D:13     | Gained mutation: You sometimes lose your temper in combat.
                  | [potion of mutation]
 18793 | D:14     | Found a gate to the Vaults.
 18941 | D:14     | Found a gate leading to a gauntlet.
 18945 | Gauntlet | Entered a Gauntlet
 18945 | Gauntlet | Found a transporter.
 18945 | Gauntlet | Found a transporter.
 18950 | Gauntlet | Found a transporter.
 18965 | Gauntlet | Found a transporter.
 18983 | Gauntlet | Found a transporter.
 18992 | Gauntlet | Found a transporter.
 19008 | Gauntlet | Found a transporter.
 19076 | Gauntlet | Found a transporter.
 19090 | Gauntlet | Found a transporter.
 19112 | Gauntlet | Found a transporter.
 19122 | Gauntlet | Found a transporter.
 19124 | Gauntlet | Found a large runed translucent door.
 19125 | Gauntlet | Found a large runed translucent door.
 19126 | Gauntlet | Found a large runed translucent door.
 19126 | Gauntlet | Found a large runed translucent door.
 19126 | Gauntlet | Found a runed translucent door.
 19126 | Gauntlet | Found a runed translucent door.
 19127 | Gauntlet | Found a large runed translucent door.
 19128 | Gauntlet | Found a large runed translucent door.
 19128 | Gauntlet | Found a large runed translucent door.
 19128 | Gauntlet | Found a large runed translucent door.
 19129 | Gauntlet | Found a large runed translucent door.
 19130 | Gauntlet | Found a large runed translucent door.
 19137 | Gauntlet | Found a large runed translucent door.
 19137 | Gauntlet | Found a large runed translucent door.
 19138 | Gauntlet | Found a large runed translucent door.
 19138 | Gauntlet | Found a large runed translucent door.
 19138 | Gauntlet | Found a large runed translucent door.
 19138 | Gauntlet | Found a large runed translucent door.
 19142 | Gauntlet | Found a runed translucent gate.
 19142 | Gauntlet | Found a runed translucent gate.
 19142 | Gauntlet | Found a runed translucent gate.
 19144 | Gauntlet | Found a transporter.
 19261 | Gauntlet | Found a transporter.
 19262 | Gauntlet | Found a transporter.
 19357 | Gauntlet | Found a transporter.
 19426 | Gauntlet | Identified the ring "Ytzaguuc" {rC+ Will+ Int+3}
 19437 | Gauntlet | Identified the +10 quarterstaff of Zilucema {antimagic,
                  | +Blink}
 19477 | Gauntlet | Identified the +7 halberd of Qazlal's Condemnation {freeze,
                  | rC- Int+2 Dex+3}
 19477 | Gauntlet | Identified the +5 long sword "Rucobul" {pain, rPois}
 19578 | D:14     | Reached skill level 22 in Unarmed Combat
 19656 | D:14     | Identified Roxanne's Atlas of Metamorphosis
 19656 | D:14     | Noticed Roxanne
 20303 | D:14     | Killed Roxanne
 20357 | D:14     | Learned a level 6 spell: Statue Form
 20361 | D:15     | Entered Level 15 of the Dungeon
 20361 | D:15     | Noticed Agnes
 20373 | D:14     | Killed Agnes
 20598 | D:15     | Reached skill level 1 in Earth Magic
 20868 | D:15     | Reached skill level 1 in Transmutations
 20883 | D:15     | Reached XP level 16. HP: 159/161 MP: 13/16
 20909 | D:15     | Found a staircase to the Depths.
 20919 | D:15     | Reached skill level 1 in Spellcasting
 21487 | Shoals:1 | Entered Level 1 of the Shoals
 21560 | Shoals:1 | Identified a scroll of acquirement
 21585 | Shoals:1 | Acquired a manual of Shields
 21758 | Shoals:1 | Found a runed translucent door.
 21825 | Shoals:1 | Found Zimino Paka's General Store.
 21833 | Shoals:1 | Bought a scroll of blinking for 75 gold pieces
 22360 | Shoals:2 | Identified the +0 robe of the Shrike {rPois Str+3 Slay+2}
                  | (Okawaru gifted it to you on level 2 of the Shoals)
 22360 | Shoals:2 | Received a gift from Okawaru
 22814 | Shoals:2 | Noticed a kraken
 22821 | Shoals:2 | Killed a kraken
 24025 | Shoals:3 | Found Deceunt's Visitors' Centre.
 24099 | Shoals:3 | Found Deceunt's Merfolk Weapons.
 24101 | Shoals:3 | Found Deceunt's Merfolk Armours.
 24101 | Shoals:3 | Found Deceunt's Merfolk Magic.
 24211 | Shoals:3 | Bought the amulet "Jorezytz" {Reflect rElec MP+9 Dex+3
                  | SH+5} for 968 gold pieces
 24289 | Shoals:3 | Identified the +8 rapier of Minoap {venom, rElec Dex+2}
 24620 | Shoals:4 | Entered Level 4 of the Shoals
 24657 | Shoals:4 | Reached skill level 10 in Dodging
 25262 | Shoals:4 | Received a gift from Okawaru
 25365 | Shoals:4 | Reached XP level 17. HP: 170/170 MP: 20/20
 25589 | Shoals:4 | Reached skill level 23 in Unarmed Combat
 26003 | Shoals:4 | Identified the +3 leather armour of Noon {rF+ rC+}
 26278 | Shoals:4 | Got a barnacled rune of Zot
 26494 | Snake:1  | Entered Level 1 of the Snake Pit
 26734 | Snake:1  | You are sucked into a shaft and drop 1 floor!
 26822 | Snake:2  | Reached skill level 5 in Earth Magic
 28095 | Snake:2  | Received a gift from Okawaru
 28664 | Snake:3  | Received a gift from Okawaru
 28720 | Snake:3  | Found a frozen archway.
 28769 | IceCv    | Entered an ice cave
 28867 | IceCv    | Reached XP level 18. HP: 166/180 MP: 22/22
 29697 | Snake:3  | Noticed Vashnia
 29710 | Snake:3  | Reached skill level 5 in Transmutations
 29791 | Snake:3  | Received a gift from Okawaru
 29818 | Snake:3  | Killed Vashnia
 29912 | Snake:3  | Found a transporter.
 29916 | Snake:3  | Found a transporter.
 29916 | Snake:3  | Noticed Zicwidai's ghost (journeyman DsFE)
 30329 | Snake:4  | Entered Level 4 of the Snake Pit
 30594 | Snake:4  | Identified the +5 battleaxe of Batywok {elec, Will++ rCorr
                  | Str-3} (Okawaru gifted it to you on level 4 of the Snake
                  | Pit)
 30594 | Snake:4  | Received a gift from Okawaru
 30679 | Snake:4  | Found Istuvit's Weapon Boutique.
 30694 | Snake:4  | Found Gaix's Weapon Shop.
 30702 | Snake:4  | Noticed Aizul
 30806 | Snake:3  | Reached skill level 15 in Shields
 30806 | Snake:3  | Reached XP level 19. HP: 189/189 MP: 24/24
 30816 | Snake:4  | Killed Aizul
 30979 | Snake:4  | Reached skill level 24 in Unarmed Combat
 31522 | Snake:4  | Identified the +1 robe "Qufuos" {Regen+} (Okawaru gifted it
                  | to you on level 4 of the Snake Pit)
 31522 | Snake:4  | Received a gift from Okawaru
 31759 | Snake:4  | Reached XP level 20. HP: 198/198 MP: 26/26
 31774 | Snake:4  | Got a serpentine rune of Zot
 32114 | Snake:3  | Found a one-way gate to the infinite horrors of the Abyss.
 32141 | Snake:3  | Killed Zicwidai's ghost
 32219 | Snake:3  | Identified the +4 dire flail "Newtbane" {venom, rN+ Dex+2}
 32489 | Temple   | Entered the Ecumenical Temple
 32812 | Elf:1    | Entered Level 1 of the Elven Halls
 32883 | Elf:1    | Reached skill level 5 in Spellcasting
 32883 | Elf:1    | Paralysed by an air elemental for 1 turns
 32887 | Elf:1    | Paralysed by an air elemental for 1 turns
 32909 | Elf:1    | Found Ziosyjid's Jewellery Boutique.
 32915 | Elf:1    | Found Xoih's Distillery.
 33126 | Elf:1    | Found Zool Quo's Antique Weapon Boutique.
 33421 | Elf:1    | Found a gateway to a bazaar.
 34290 | Elf:2    | Found a runed translucent gate.
 34291 | Elf:2    | Found a runed translucent gate.
 34292 | Elf:2    | Found a runed translucent gate.
 34294 | Elf:2    | Found an opulent altar of Gozag.
 34295 | Elf:2    | Noticed brknglss's ghost (adept GnFE)
 34370 | Elf:2    | Found a runed translucent gate.
 34371 | Elf:2    | Found a runed translucent gate.
 34387 | Elf:2    | Found Umonecol's Assorted Antiques.
 34526 | Elf:2    | Found a runed translucent gate.
 34545 | Elf:2    | Received a gift from Okawaru
 35019 | Elf:3    | Entered Level 3 of the Elven Halls
 35427 | Abyss:3  | Found a blossoming altar of Fedhas.
 35427 | Abyss:3  | Cast into level 3 of the Abyss (a deep elf sorcerer)
 35457 | Abyss:3  | Found a blossoming altar of Fedhas.
 35463 | Abyss:3  | Found a corrupted altar of Lugonu.
 35503 | Abyss:3  | Found a corrupted altar of Lugonu.
 35699 | Abyss:3  | Found a corrupted altar of Lugonu.
 35737 | Abyss:3  | Received a gift from Okawaru
 35747 | Abyss:3  | Paralysed by accursed screaming for 1 turns
 35902 | Elf:3    | Escaped the Abyss
 35910 | Elf:3    | Reached XP level 21. HP: 207/209 MP: 28/28
 35938 | Elf:3    | HP: 1/209 [ghostly deep elf blademaster/+0 rapier (19)]
 35938 | Elf:3    | Slain by a ghostly deep elf blademaster

Illustrated notes

Levels and vault maps discovered:
D:1:      giann_forest_graveyard, layout_basic
D:2:      minmay_general_purpose_star, layout_loops_corners,
          ebering_ecumenical_altar_petrified
D:3:      layout_basic, hellmonk_okawaru_the_only_friend_you_need,
          ebering_ghost_rock_garden, minmay_circle_x
D:4:      layout_basic, slow_altar_1
D:5:      layout_loops_corners, grunt_temple_overflow_lords_of_destruction,
          dk_yredelemnul_ordeal, hangedman_decor_clover_reticule,
          minmay_splitting_lines, minmay_misc_feat_pillars
D:6:      layout_rooms, minmay_temple_entry_drinking_statues, serial_shops,
          shop, minmay_statues_item
D:7:      layout_rooms, zin_purify
D:8:      layout_cave_pools, kiku_gazebo_pond_becter, serial_undead,
          serial_undead_c, serial_undead_f, serial_undead_d, serial_undead_e,
          serial_undead_d, serial_undead_d, serial_undead_b, serial_undead_e,
          minmay_misc_feat_columns, minmay_manual_mullet, uniq_psyche
D:9:      wad_river_or_something, layout_basic, overflow_temple_1_default,
          uniq_pikel
D:10:     layout_long_grid, hellmonk_lair_entry_icy, orc_0_dummy,
          serial_co_window_serial, co_window_paths_a, co_window_paths_b,
          co_window_paths_a, co_window_paths_a, co_window_corner_a,
          co_window_paths_a, co_window_paths_a, co_window_corner_b,
          co_window_broadway_a, co_window_corner_b, co_window_paths_c,
          co_window_2corner, co_window_of_opportunity_b, glass_columns_c,
          glass_columns_c, glass_columns_a, glass_columns_a,
          corexii_leaking_fountain
D:11:     layout_small_grid, uniq_josephine
D:12:     layout_roguey, minmay_misc_feat_secret_circle
D:13:     kennysheep_windowed_halls, layout_long_grid,
          nemelex_lonely_heart_becter, uniq_kirke, uniq_lodul
D:14:     layout_loops_ring, erik_vaults_2, gauntlet_entry_generic, uniq_roxanne
D:15:     grunt_enter_depths_magical_seal, layout_rooms, minmay_misc_feat_alley,
          nrook_mini_vaults, uniq_agnes
Temple:   eino_narrow_crystal_temple
Lair:1:   layout_regular_city
Lair:2:   layout_gridlike, guppyfry_snake_entry_island, serial_bayou_crossing
Lair:3:   gammafunk_cloud_chamber, layout_regular_city, elwin_shoals_entry_rooms
Lair:4:   layout_roguey, maelrawn_ghost_gauntlet_escape,
          dreamdust_mushroom_princess, amcnicky_mini_pool_medium
Lair:5:   grunt_lair_end_beastmaster, layout_cave_shapes,
          dpeg_slime_entry_enclosed, nzn_masters_of_martial_movement
Shoals:1: layout_shoals, serial_shops, nicolae_shop_stone, lightli_airlock
Shoals:2: layout_shoals
Shoals:3: nicolae_shoals_mermall, layout_shoals, nicolae_shoals_isolated_beach
Shoals:4: shoals_end_simple, layout_shoals, nicolae_shoals_pincushion_passage
Snake:1:  layout_rooms, grunt_megastairs_2
Snake:2:  hangedman_cross_stitches, layout_onion_interference
Snake:3:  layout_cave_shapes, portal_ice_cave_entry_ice_simulacra,
          gammafunk_ghost_abyssal_escape, serial_bayou_shore_b,
          lemuel_fruit_tree, uniq_vashnia
Snake:4:  snake_pit_salamanders_mu, layout_cave_town, serial_shops,
          nicolae_shop_bloodbath_and_beyond, nicolae_square_shop, st_stairs_9,
          uniq_aizul
Orc:1:    layout_diamond_mine, serial_shops, nicolae_shop_crystal, uniq_sonja
Orc:2:    st_orc_mages, layout_diamond_mine, uniq_rupert
Elf:1:    layout_gridlike, serial_shops, statue_bzr, nicolae_shop_waterfront,
          shop, minmay_elf_demonology, nicolae_elf_deep_mausoleum,
          minmay_shop_star
Elf:2:    nicolae_elf_blades_crystal_corner, layout_geoelf_octagon,
          ebering_ghost_gozag
Elf:3:    minmay_elf_hall_four_x, layout_geoelf_octagon,
          gammafunk_ghost_wrathful_warriors, uniq_asterion, uniq_louise,
          uniq_bai_suzhen

Skill      XL: |  1  2  3  4  5  6  7  8  9 10 11 12 13 14 15 16 17 18 19 20 |
---------------+-------------------------------------------------------------+-----
Unarmed Combat | 3 4 5 6 7 9 11 13 15 17 19 20 21 22 23 24 | 24.9
Shields        | 4 5 7 8 9 10 11 12 13 15 16 | 16.9
Fighting       | 3 5 6 7 8 9 10 11 12 | 12.9
Armour         | 1 3 5 6 7 |  7.8
Dodging        | 6 8 10 11 12 | 12.6
Earth Magic    | 1 4 5 6 7 8 |  8.4
Transmutations | 1 3 4 5 6 |  6.9
Spellcasting   | 2 3 4 5 |  5.7

Action                   |  1- 3 |  4- 6 |  7- 9 | 10-12 | 13-15 | 16-18 | 19-21 || total
-------------------------+-------+-------+-------+-------+-------+-------+-------++-------
Melee: Unarmed           |    81 |   214 |   200 |   410 |   984 |  1085 |   691 ||  3665
Throw: Large rock        |       |       |       |       |       |     9 |       ||     9
Invok: Heroism           |       |       |    19 |    40 |    71 |    64 |    55 ||   249
  Use: Scroll            |     2 |     6 |     3 |     3 |    28 |    10 |     4 ||    56
       Potion            |       |     3 |       |     3 |     9 |     9 |     5 ||    29
 Stab: Distracted        |       |       |     1 |       |     1 |       |     1 ||     3
       Petrified         |       |       |       |       |     3 |       |       ||     3
       Sleeping          |       |       |       |       |       |       |     2 ||     2
Armor: Robe              |    24 |    76 |    14 |       |       |       |       ||   114
       Pearl dragon scal |       |       |    25 |    53 |       |       |       ||    78
       Acid dragon scale |       |       |       |   134 |   335 |   201 |   142 ||   812
Dodge: Dodged            |    34 |    76 |    52 |   143 |   237 |   422 |   263 ||  1227
Block: Kite shield       |    29 |    74 |    55 |   213 |   678 |   972 |   578 ||  2599
       Reflection        |       |       |       |       |    34 |   131 |    66 ||   231

Table legend: (Time is in decaauts)
 A = Elapsed time spent in this place.
 B = Non-inter-level travel time spent in this place.
 C = Inter-level travel time spent in this place.
 D = Time resting spent in this place.
 E = Time spent auto-exploring this place.
 F = Levels seen in this place.
 G = Mean time per level.
                   A        B        C        D        E       F      G
               +--------+--------+--------+--------+--------+-----+--------+
         Total |  35748 |  32508 |   3240 |   4446 |  18726 |  37 |  966.2 |
       Dungeon |  13962 |  12594 |   1368 |   1377 |   8318 |  15 |  930.8 |
        Temple |    164 |    160 |      4 |      0 |    149 |   1 |  164.0 |
          Lair |   5413 |   4771 |    642 |    604 |   3199 |   5 | 1082.6 |
        Shoals |   5159 |   4883 |    276 |    790 |   2764 |   4 | 1289.8 |
     Snake Pit |   4779 |   4343 |    436 |    826 |   2097 |   4 | 1194.8 |
  Orcish Mines |   1792 |   1606 |    186 |    120 |    925 |   2 |  896.0 |
   Elven Halls |   2649 |   2324 |    325 |    384 |    820 |   3 |  883.0 |
         Abyss |    434 |    434 |      0 |     51 |    103 |   1 |  434.0 |
      Ice Cave |    852 |    852 |      0 |    292 |    187 |   1 |  852.0 |
      Gauntlet |    540 |    540 |      0 |      0 |    162 |   1 |  540.0 |
               +--------+--------+--------+--------+--------+-----+--------+

Top non-repeatable levels by time:
    D:13: 1684 daAuts
Shoals:3: 1624 daAuts
Shoals:4: 1546 daAuts
 Snake:4: 1525 daAuts
     D:5: 1316 daAuts
 Snake:3: 1204 daAuts
  Lair:4: 1202 daAuts
    D:10: 1199 daAuts
   Elf:1: 1194 daAuts
 Snake:2: 1149 daAuts
   Orc:2: 1122 daAuts
  Lair:3: 1095 daAuts
Shoals:2: 1082 daAuts
  Lair:2: 1067 daAuts
  Lair:1: 1058 daAuts
